 Dungeon Sprint DCSS version 0.19-a0-1005-gf5a4b3b (webtiles) character file.

10000000 Musica the Skullcrusher (level 27, -3/323 HPs)
             Began as a Troll Monk on July 19, 2016.
             Was the Champion of Makhleb.
             Killed by divine providence
             ... invoked by an accursed
              (10 damage)
             ... in the Dungeon (Sprint VIII: "Arena of Blood").
             The game lasted 00:08:44 (100 turns).

Musica the Skullcrusher (Troll Monk)                 Turns: 100, Time: 00:08:45

Health: -3/323     AC:  7    Str: 27    XL:     27
Magic:  41/53      EV: 32    Int:  6    God:    Makhleb [******]
Gold:   0          SH:  0    Dex: 21    Spells: 0 memorised, 80 levels left

rFire  . . .     SeeInvis .     j - +∞ Axe of Woe
rCold  . . .     Gourm    +     b - +0 robe
rNeg   . . .     Faith    .     (shield currently unavailable)
rPois  .         Spirit   .     (helmet restricted)
rElec  .         Dismiss  .     (no cloak)
rCorr  .         Reflect  .     (gloves unavailable)
SustAt .         Harm     .     (boots unavailable)
MR     ++...     NoTele   +     (no amulet)
Stlth  +++++++...               (no ring)
                                (no ring)

@: very slightly contaminated, slowed, very slow, very resistant to hostile
enchantments, extremely stealthy
A: unfitting armour, claws 3, fast metabolism 3, gourmand, regeneration 2,
shaggy fur 1, tough skin 2
a: Minor Destruction, Lesser Servant of Makhleb, Major Destruction, Greater
Servant of Makhleb, Renounce Religion


You were in the Dungeon.
You worshipped Makhleb.
Makhleb was exalted by your worship.
You were not hungry.

You visited 1 branch

Inventory:

Hand Weapons
 a - a +0 mace
 j - the +∞ Axe of Woe (weapon)
   (You found it in the Dungeon)
Armour
 b - a +0 robe (worn)
Potions
 d - a potion of curing
 f - a potion of haste
 g - 2 potions of magic
 h - a potion of berserk rage
Comestibles
 c - 2 bread rations


   Skills:
 O Level 27 Fighting
 O Level 27 Axes
 O Level 27 Maces & Flails
 O Level 27 Throwing
 O Level 27 Armour
 O Level 27 Dodging
 O Level 27 Stealth
 O Level 27 Unarmed Combat
 O Level 27 Spellcasting
 O Level 27 Invocations


You had 80 spell levels left.
You didn't know any spells.

Dungeon Overview and Level Annotations

Branches:
Dungeon (1/1)

Altars:
Makhleb


Innate Abilities, Weirdness & Mutations

You are too large for most types of armour.
You have claws for hands.
Your metabolism is lightning-fast.
You like to eat raw meat.
You heal very quickly.
You are covered in fur. (AC +1)
You have very tough skin. (AC +2)


Message History

You hear a shout!
The eight-headed meat hydra calls on the powers of darkness!
The eight-headed meat hydra convulses!
Your body is wracked with pain!
* * * LOW HITPOINT WARNING * * *
You hear a shout! x4
The meat berserker hits your balrug with a +9 battleaxe!!!
Your balrug dies!
You hear a shout!
The eight-headed meat hydra calls on the powers of darkness!
The eight-headed meat hydra convulses!
The bag of meat convulses!
Your body is wracked with pain!
* * * LOW HITPOINT WARNING * * *
The bag of meat convulses!
You hear a shout!
The meat berserker shouts!
Things that are here:
a +9 great sword of slicing; a +200 ring of slaying You hear a shout! x8
The accursed points at you and mumbles some strange words.
Something smites you!
You die...

#.........o......%.#§M)
#......o.%.......).#§§%
#......M..#o.....%.....
#.......O#.#.#....%....
#........D#M#..%...%...
#..###.))#.#.#......%..
#....##...#.#....%#....
#.....#)...............
#.....@.##.....
####.....# ....
####......## ####.....
###..


You could see 2 accurseds, an eight-headed meat hydra, a meat berserker
(berserk) and 2 bags of meat.

Vanquished Creatures
  Sigmund (D)
  7 hell beasts (D)
  4 greater mummies (D)
  A great orb of eyes (D)
  4 wraiths (D)
  15 vampire knights (D)
  30 ogres (D)
  3 liches (D)
  A hydra (D)
  65 orcs (D)
  4 phantoms (D)
  7 hill giants (D)
  3 skeletal warriors (D)
  8 small abominations (D)
  8 large abominations (D)
  7 crawling corpses (D)
168 creatures vanquished.

Vanquished Creatures (others)
  An orc (D)
  2 crawling corpses (D)
3 creatures vanquished.

Grand Total: 171 creatures vanquished

Notes
Turn   | Place    | Note
-------+----------+-------------------------------------------
     0 | D        | Musica the Troll Monk began the quest for the Orb.
     0 | D        | Reached XP level 1. HP: 22/22 MP: 0/0
     3 | D        | Became a worshipper of Makhleb the Destroyer
     3 | D        | Reached * piety under Makhleb
     3 | D        | Reached ** piety under Makhleb
     4 | D        | Noticed a bag of meat
     8 | D        | Noticed a bag of meat
     8 | D        | Noticed a bag of meat
     8 | D        | Killed a bag of meat
     8 | D        | Reached skill level 15 in Maces & Flails
     8 | D        | Reached XP level 2. HP: 54/54 MP: 1/1
     8 | D        | Reached XP level 3. HP: 62/62 MP: 2/2
     8 | D        | Reached XP level 4. HP: 71/71 MP: 3/3
     8 | D        | Reached XP level 5. HP: 79/79 MP: 4/4
     8 | D        | Reached XP level 6. HP: 88/88 MP: 5/5
     8 | D        | Reached XP level 7. HP: 96/96 MP: 6/6
     8 | D        | Reached XP level 8. HP: 105/105 MP: 7/7
     8 | D        | Reached XP level 9. HP: 113/113 MP: 8/8
     8 | D        | Reached XP level 10. HP: 122/122 MP: 9/9
     8 | D        | Reached XP level 11. HP: 130/130 MP: 10/10
     9 | D        | Noticed a bag of meat
     9 | D        | Noticed a bag of meat
    10 | D        | Noticed a bag of meat
    10 | D        | Noticed a bag of meat
    10 | D        | Noticed a bag of meat
    10 | D        | Killed a bag of meat
    10 | D        | Reached skill level 15 in Dodging
    10 | D        | Reached skill level 5 in Stealth
    10 | D        | Reached XP level 12. HP: 144/144 MP: 11/11
    11 | D        | Noticed a bag of meat
    11 | D        | Noticed a bag of meat
    11 | D        | Noticed a bag of meat
    11 | D        | Noticed a bag of meat
    11 | D        | Noticed a bag of meat
    11 | D        | Noticed a bag of meat
    11 | D        | Noticed a bag of meat
    11 | D        | Noticed a bag of meat
    11 | D        | Noticed a bag of meat
    11 | D        | Noticed a bag of meat
    12 | D        | Noticed a meat berserker
    12 | D        | Killed a bag of meat
    12 | D        | Reached *** piety under Makhleb
    12 | D        | Reached XP level 13. HP: 157/157 MP: 12/12
    13 | D        | Noticed a bag of meat
    13 | D        | Noticed a bag of meat
    13 | D        | Killed a bag of meat
    13 | D        | Reached XP level 14. HP: 170/170 MP: 13/13
    14 | D        | Noticed a bag of meat
    14 | D        | Noticed a bag of meat
    14 | D        | Noticed a bag of meat
    14 | D        | Killed a bag of meat
    14 | D        | Reached **** piety under Makhleb
    14 | D        | Killed a meat berserker
    14 | D        | Reached skill level 5 in Axes
    14 | D        | Reached XP level 15. HP: 140/187 MP: 14/14
    15 | D        | Noticed a meat berserker
    15 | D        | Noticed a meat berserker
    15 | D        | Reached XP level 16. HP: 180/201 MP: 15/15
    15 | D        | Reached ***** piety under Makhleb
    15 | D        | Reached XP level 17. HP: 217/217 MP: 16/16
    16 | D        | Reached skill level 10 in Axes
    16 | D        | Reached skill level 27 in Maces & Flails
    16 | D        | Reached ****** piety under Makhleb
    16 | D        | Reached skill level 27 in Fighting
    16 | D        | Reached skill level 10 in Stealth
    16 | D        | Reached XP level 18. HP: 236/236 MP: 17/17
    17 | D        | Reached skill level 27 in Dodging
    18 | D        | Noticed a destroyer
    18 | D        | Reached XP level 19. HP: 243/245 MP: 18/18
    18 | D        | Killed a meat berserker
    19 | D        | Reached skill level 27 in Axes
    20 | D        | Noticed a large bag of meat
    20 | D        | Reached XP level 20. HP: 256/256 MP: 19/19
    22 | D        | Killed a meat berserker
    23 | D        | Noticed a destroyer
    24 | D        | Killed a destroyer
    24 | D        | Reached skill level 27 in Stealth
    24 | D        | Reached XP level 21. HP: 265/265 MP: 20/20
    24 | D        | Reached skill level 5 in Armour
    25 | D        | Killed a destroyer
    25 | D        | Reached skill level 10 in Armour
    28 | D        | Reached skill level 15 in Unarmed Combat
    28 | D        | Reached skill level 10 in Spellcasting
    29 | D        | Reached XP level 22. HP: 275/275 MP: 20/36
    30 | D        | Noticed a destroyer
    31 | D        | Reached skill level 15 in Armour
    32 | D        | Noticed a destroyer
    33 | D        | Killed a destroyer
    33 | D        | Reached skill level 15 in Spellcasting
    33 | D        | Reached XP level 23. HP: 284/284 MP: 21/41
    35 | D        | Killed a destroyer
    38 | D        | Reached XP level 24. HP: 295/295 MP: 22/44
    39 | D        | Reached skill level 27 in Unarmed Combat
    41 | D        | Noticed a destroyer
    41 | D        | Noticed a destroyer
    41 | D        | Reached skill level 27 in Throwing
    41 | D        | Reached skill level 27 in Invocations
    41 | D        | Killed a destroyer
    41 | D        | Reached skill level 27 in Armour
    41 | D        | Reached XP level 25. HP: 304/304 MP: 23/48
    42 | D        | Noticed a destroyer
    42 | D        | Noticed a destroyer
    44 | D        | Noticed a destroyer
    45 | D        | Noticed an accursed
    45 | D        | Reached skill level 27 in Spellcasting
    46 | D        | Killed a destroyer
    46 | D        | Reached XP level 26. HP: 314/314 MP: 24/53
    49 | D        | Killed a destroyer
    51 | D        | Reached XP level 27. HP: 323/323 MP: 25/53
    52 | D        | Killed a destroyer
    54 | D        | Killed a destroyer
    55 | D        | Noticed a destroyer
    56 | D        | Noticed a destroyer
    56 | D        | Noticed an accursed
    57 | D        | Noticed a destroyer
    58 | D        | Killed an accursed
    59 | D        | Noticed a tyrant
    59 | D        | Noticed an accursed
    60 | D        | Killed a destroyer
    61 | D        | Noticed a destroyer
    62 | D        | Noticed a destroyer
    63 | D        | Noticed a tyrant
    63 | D        | Noticed a meat beast
    63 | D        | Killed a destroyer
    63 | D        | Killed a destroyer
    64 | D        | Noticed an accursed
    66 | D        | Killed a destroyer
    67 | D        | Killed a destroyer
    68 | D        | Killed a meat beast
    68 | D        | Killed a tyrant
    69 | D        | Noticed The Captor
    69 | D        | Noticed a meat beast
    70 | D        | Noticed a dread
    70 | D        | Noticed an accursed
    70 | D        | Noticed a dread
    73 | D        | Killed a tyrant
    74 | D        | Killed a meat beast
    76 | D        | Killed an accursed
    77 | D        | Killed The Captor
    79 | D        | Killed a dread
    80 | D        | Noticed a dread
    80 | D        | Killed an accursed
    81 | D        | Noticed an accursed
    82 | D        | Noticed a meat beast
    82 | D        | Noticed a meat beast
    82 | D        | Noticed a dread
    83 | D        | Killed a dread
    84 | D        | Noticed a meat beast
    84 | D        | Noticed a meat beast
    84 | D        | Killed a meat beast
    84 | D        | Killed a meat beast
    84 | D        | Killed an accursed
    85 | D        | HP: 4/323 [meat berserker/+9 battleaxe (39)]
    86 | D        | Killed a meat beast
    86 | D        | Killed a meat beast
    87 | D        | Noticed a meat beast
    87 | D        | Noticed a destroyer
    87 | D        | Killed a dread
    89 | D        | Killed a meat beast
    90 | D        | Killed a dread
    91 | D        | Noticed an accursed
    95 | D        | Noticed a tyrant
    95 | D        | Killed a destroyer
    96 | D        | Killed a tyrant
    99 | D        | HP: 11/323 [accursed/divine providence (12)]
    99 | D        | HP: 5/323 [??? (2)]
   100 | D        | Killed from afar by an accursed

Vault maps used:
D:        meatsprint

Skill      XL: |  1  2  3  4  5  6  7  8  9 10 11 12 13 14 15 16 17 18 19 20 21 22 23 24 25 |
---------------+----------------------------------------------------------------------------+-----
Fighting       | 14 16 17 18 21 22 24 27 | 27.0
Axes           | 2 3 5 7 9 12 22 27 | 27.0
Maces & Flails | 15 17 18 19 22 23 25 27 | 27.0
Dodging        | 13 15 17 18 20 22 23 26 27 | 27.0
Stealth        | 4 5 6 7 8 9 10 14 20 27 | 27.0
Throwing       | 14 20 24 27 | 27.0
Armour         | 13 18 22 27 | 27.0
Unarmed Combat | 16 21 26 27 | 27.0
Spellcasting   | 11 15 18 22 27 | 27.0
Invocations    | 14 20 24 27 | 27.0

Action                   |  1- 3 |  4- 6 |  7- 9 | 10-12 | 13-15 | 16-18 | 19-21 | 22-24 | 25-27 || total
-------------------------+-------+-------+-------+-------+-------+-------+-------+-------+-------++-------
Melee: Executioner's axe |     1 |       |       |     2 |     3 |     3 |     8 |     9 |    48 ||    74
Invok: Greater Servant o |       |       |       |       |       |       |       |       |     1 ||     1
  Use: Scroll            |       |       |       |       |       |       |       |       |     1 ||     1
       Potion            |       |       |       |       |       |       |       |       |     1 ||     1
Armor: Robe              |       |       |       |       |       |       |       |       |     3 ||     3
Dodge: Dodged            |       |       |       |       |     1 |     1 |       |       |    10 ||    12
